 Dungeon Sprint DCSS version 0.30-a0-949-g53dc5368d7 (webtiles) character file.

Game seed: 2986006229518327768

11690 PLAYERX the Warrior (level 11, -9/117 HPs)
             Began as a Minotaur Monk on Mar 26, 2023.
             Was the Champion of Makhleb.
             Mangled by a war gargoyle
             ... wielding a +0 great mace
              (31 damage)
             ... in the Dungeon (Sprint V: "Ziggurat Sprint") on Mar 27, 2023.
             The game lasted 00:22:03 (618 turns).

PLAYERX the Warrior (Minotaur Monk)                  Turns: 618, Time: 00:22:04

Health: -9/117     AC: 27    Str: 35    XL:     11   Next: 52%
Magic:  12/12      EV:  4    Int:  7    God:    Makhleb [******]
Gold:   0          SH: 29    Dex: 13    Spells: 10/10 levels left

rFire   + . .      SeeInvis .    a - +11 Screaming Sword {sonic wave}
rCold   + . .      Faith    .    C - +18 shield of the Gong {Loud rN+ Will+ rCorr EV-5}
rNeg    + . .      Spirit   .    v - +5 gold dragon scales
rPois   +          Reflect  .    (helmet restricted)
rElec   .          Rampage  .    E - +1 cloak {rPois}
rCorr   +          NoTele   +    y - +2 pair of gloves {Str+3}
Will    +....                    (no boots) Stlth
                                 (no amulet)
HPRegen 0.39/turn                A - +6 ring of strength
MPRegen 0.13/turn                B - +6 ring of strength

@: studying 3 skills
A: horns 2, retaliatory headbutt
a: Renounce Religion, Minor Destruction, Lesser Servant of Makhleb, Major
Destruction, Greater Servant of Makhleb


You were in the Dungeon.
You worshipped Makhleb.
Makhleb was exalted by your worship.
You visited 1 branch

Inventory:

Hand Weapons
 a - the +11 Screaming Sword (weapon) {sonic wave}
   (You found it in the Dungeon)
 b - the +6 arbalest "Damnation" {damnation}
   (You found it in the Dungeon)
Armour
 v - +5 gold dragon scales (worn)
 y - a +2 pair of gloves of strength (worn)
 C - the +18 shield of the Gong (worn) {Loud rN+ Will+ rCorr EV-5}
   (You found it in the Dungeon)

   Loud:      It is deafeningly noisy when blocking attacks.
   EV:        It affects your evasion (-5).
   rN:        It protects you from negative energy.
   rCorr:     It protects you from acid and corrosion.
   Will:      It increases your willpower.
 E - a +1 cloak of poison resistance (worn)
Jewellery
 A - a +6 ring of strength (left hand)
 B - a +6 ring of strength (right hand)
Wands
 s - a wand of mindburst (5)
 t - a wand of iceblast (2)
 u - a wand of quicksilver (7)
Scrolls
 i - 4 scrolls of blinking
 o - 4 scrolls of amnesia
 p - 7 scrolls of fog
 q - 5 scrolls of identify
 r - 2 scrolls of fear
Potions
 c - a potion of ambrosia
 d - 9 potions of curing
 e - 8 potions of heal wounds
 f - 6 potions of haste
 g - 7 potions of magic
 h - 3 potions of berserk rage
 j - 2 potions of brilliance
 k - 2 potions of invisibility
 l - 3 potions of resistance
 n - 5 potions of might
Miscellaneous
 m - a tin of tremorstones (inert)
 w - a lightning rod (4/4)
 x - a box of beasts
 z - a phantom mirror (inert)
 D - a phial of floods


   Skills:
 + Level 17.4 Fighting
 - Level 17.1 Long Blades
 * Level 10.8 Ranged Weapons
 + Level 8.0 Armour
 - Level 11.6 Dodging
 - Level 4.1 Stealth
 - Level 10.1 Shields
 + Level 3.2 Invocations
 + Level 5.8 Evocations


You had 10 spell levels left.
You didn't know any spells.
Your spell library contained the following spells:

 Spells                   Type           Power      Damage    Failure   Level
 Magic Dart               Conj           0%         1d3       100%        1
 Summon Small Mammal      Summ           0%         N/A       100%        1
 Blink                    Tloc           0%         N/A       100%        2
 Call Imp                 Summ           0%         N/A       100%        2
 Call Canine Familiar     Summ           0%         N/A       100%        3
 Gell's Gravitas          Tloc           0%         N/A       100%        3
 Inner Flame              Hex/Fire       0%         N/A       100%        3
 Mephitic Cloud           Conj/Pois/Air  0%         N/A       100%        3
 Portal Projectile        Hex/Tloc       0%         N/A       100%        3
 Summon Guardian Golem    Hex/Summ       0%         N/A       100%        3
 Teleport Other           Tloc           0%         N/A       100%        3
 Vhi's Electric Charge    Tloc/Air       0%         N/A       100%        3
 Airstrike                Air            0%         2d(0-16)  100%        4
 Anguish                  Hex/Necr       0%         N/A       100%        4
 Animate Armour           Summ/Erth      0%         N/A       100%        4
 Cause Fear               Hex            0%         N/A       100%        4
 Ice Form                 Ice/Tmut       0%         N/A       100%        4
 Iskenderun's Mystic Bla  Conj/Tloc      0%         2d3       100%        4
 Leda's Liquefaction      Hex/Erth       0%         N/A       100%        4
 Manifold Assault         Tloc           0%         N/A       100%        4
 Summon Ice Beast         Ice/Summ       0%         N/A       100%        4
 Summon Lightning Spire   Summ/Air       0%         N/A       100%        4
 Blade Hands              Tmut           0%         N/A       100%        5
 Plasma Beam              Fire/Air       0%         2x1d11    100%        5
 Silence                  Hex/Air        0%         N/A       100%        5
 Dispersal                Tloc           0%         N/A       100%        6
 Iron Shot                Conj/Erth      0%         9d1       100%        6
 Monstrous Menagerie      Summ           0%         N/A       100%        7
 Orb of Destruction       Conj           0%         9d5       100%        7
 Spellforged Servitor     Conj/Summ      0%         N/A       100%        7
 Discord                  Hex            0%         N/A       100%        8


Dungeon Overview and Level Annotations

Branches:
Dungeon (1/1)

Altars:
Ashenzari
Cheibriados
Dithmenos
Elyvilon
Fedhas
Gozag
Hepliaklqana
Kikubaaqudgha
Makhleb
Nemelex Xobeh
Okawaru
Qazlal
Ru
Sif Muna
Trog
Uskayaw
Vehumet
Wu Jian
Xom
Yredelemnul
Zin
The Shining One
Jiyva
Lugonu


Innate Abilities, Weirdness & Mutations

You have a pair of horns on your head.
You reflexively headbutt those who attack you in melee.


Message History

SHROANNG!
The war gargoyle launches metal splinters at you.
The spray of metal splinters hits you!!
The iron dragon closely misses your ancient champion.
The iron dragon claws your ancient champion but does no damage.
The iron dragon closely misses your ancient champion.
Your Armour skill increases to level 8!
Unknown command.
You feel much better.
Your ancient champion hits the ancient champion with a +3 great sword of freezing!
Your ancient champion freezes the ancient champion.
The war gargoyle launches metal splinters at you.
The spray of metal splinters hits you but does no damage.
You block the war gargoyle's attack.
GONNNNG!
Your ancient champion hits the quicksilver elemental with a +3 great sword of freezing!!
You feel better. The war gargoyle completely misses you.
The ancient champion casts a spell at you.
You block the iron shot.
BOUMMMMG!
The ancient champion hits you but does no damage.
You writhe in agony.
Your ancient champion hits the quicksilver elemental with a +3 great sword of freezing!!
The war gargoyle hits you with a +0 morningstar of holy wrath!
You block the war gargoyle's attack.
PANG!
Really attack near your ancient champion?
You hit the war gargoyle but do no damage.
The war gargoyle is heavily damaged.
The war gargoyle launches metal splinters at you.
The spray of metal splinters hits you.
Your ancient champion closely misses the quicksilver elemental.
You block the ancient champion's attack.
GONNNNG!
You block the ancient champion's attack.
PANG!
The war gargoyle hits you with a +0 morningstar of holy wrath!!
* * * LOW HITPOINT WARNING * * *
The war gargoyle hits you with a +0 great mace!!
You die...

▓...8©8...▓.
▓..}}|=|..▓...|.....▓.
▓..))?}"..▓..}))....▓.
▓.........▓.........▓.
▓...z.....▓.........▓.
▓...DE....▓.........▓.
▓...zzz...▓.........▓.
▓..▓z99▓..▓.........▓.
▓.▓.z@9.▓.▓.........▓.
▓....©....▓....©....▓▓
▓▓▓▓▓▓▓▓▓▓▓▓▓▓▓▓▓▓▓▓▓


You could see an iron dragon, a quicksilver elemental, 5 ancient champions, 3
war gargoyles and a friendly ancient champion (summoned, fast, drained).

Vanquished Creatures
  A dancing weapon (D)
  2 deep elf knights (D)
  A glowing orange brain (D)
  A deep elf pyromancer (D)
  2 deep elf zephyrmancers (D)
  2 black mambas (D)
  A naga mage (D)
  A cane toad (D)
  A hellion (D)
  A rime drake (D)
  A jumping spider (D)
  A shadow (D)
  A slime creature (D)
  A fire elemental (D)
  2 water elementals (D)
  2 small abominations (D)
  A yak (D)
  9 starcursed masses (D)
  A steam dragon (D)
  4 nagas (D)
  A large abomination (D)
  A hell hound (D)
  A phantom (D)
  2 bullfrogs (D)
  A necrophage (D)
  3 scorpions (D)
  A crimson imp (D)
  2 quasits (D)
  3 iron imps (D)
  A jelly (D)
  4 adders (D)
  3 river rats (D)
  A shadow imp (D)
  A white imp (D)
  An ufetubus (D)
  A bat skeleton (D)
  3 jackals (D)
  A ball python (D)
  3 fire vortices (D)
  A lurking horror (D)
71 creatures vanquished.

Vanquished Creatures (others)
  A jackal (D)
1 creature vanquished.

Grand Total: 72 creatures vanquished

Notes
Turn   | Place    | Note
-------+----------+-------------------------------------------
     0 | D        | PLAYERX the Minotaur Monk began the quest for the Orb.
     0 | D        | Reached XP level 1. HP: 19/19 MP: 0/0
     7 | D        | Found a blossoming altar of Fedhas.
     7 | D        | Found the +6 Majin-Bo {spellvamp, MP+6 Int+6}
     7 | D        | Found the +27 heavy crossbow "Sniper" {heavy, Acc+∞ SInv}
     7 | D        | Found the +10 dark maul {heavy}
     7 | D        | Found the +15 Maxwell's patent armour {-Cast -Tele rElec
                  | Will+ rCorr}
     7 | D        | Found the +18 shield of the Gong {Loud rN+ Will+ rCorr
                  | EV-5}
     7 | D        | Found the +16 obsidian axe {drain, demonic, Mesm Drain Fly
                  | SInv}
     7 | D        | Found the +7 great mace "Firestarter" {flame, inner flame,
                  | rFlCloud rF++}
     7 | D        | Found the +6 shillelagh "Devastator" {shatter}
     7 | D        | Found the +11 plutonium sword {Contam Stlth-}
     7 | D        | Found the +8 lance "Wyrmbane" {slay drac, rPois rF+ rC+
                  | AC+3}
     7 | D        | Found the +9 sword of Zonguldrok {reap}
     7 | D        | Found the +13 scythe of Curses {drain, curses, Drain}
     7 | D        | Found the +9 sword of Power {lifebolt}
     7 | D        | Found the +7 mace of Variability {chaos, chain chaos}
     7 | D        | Found the +11 Singing Sword {sonic wave}
     7 | D        | Found the +8 storm bow {elec, penet}
     8 | D        | Found a transporter.
     8 | D        | Found a viscous altar of Jiyva.
     8 | D        | Found an ancient bone altar of Kikubaaqudgha.
     8 | D        | Found a hazy altar of Hepliaklqana.
     8 | D        | Found a corrupted altar of Lugonu.
     8 | D        | Found an opulent altar of Gozag.
     8 | D        | Found a burning altar of Makhleb.
    12 | D        | Found a stormy altar of Qazlal.
    12 | D        | Found an iron altar of Okawaru.
    12 | D        | Found a sacrificial altar of Ru.
    12 | D        | Found a sparkling altar of Nemelex Xobeh.
    12 | D        | Found a shimmering blue altar of Sif Muna.
    12 | D        | Found a bloodstained altar of Trog.
   124 | D        | Became a worshipper of Makhleb the Destroyer
   124 | D        | Reached * piety under Makhleb
   124 | D        | Reached ** piety under Makhleb
   135 | D        | Entered arena 2.
   135 | D        | Noticed a slime creature
   135 | D        | Noticed a jelly
   135 | D        | Found a transporter.
   137 | D        | Killed a jelly
   138 | D        | Reached skill level 5 in Fighting
   138 | D        | Reached skill level 5 in Long Blades
   138 | D        | Reached XP level 2. HP: 29/29 MP: 1/1
   138 | D        | Reached XP level 3. HP: 36/36 MP: 2/2
   138 | D        | Killed a slime creature
   139 | D        | Reached XP level 4. HP: 48/48 MP: 3/3
   139 | D        | Reached XP level 5. HP: 53/53 MP: 4/4
   146 | D        | Entered arena 3.
   146 | D        | Noticed a phantom
   146 | D        | Found a transporter.
   150 | D        | Reached *** piety under Makhleb
   150 | D        | Killed a phantom
   151 | D        | Reached skill level 10 in Long Blades
   151 | D        | Reached XP level 6. HP: 64/64 MP: 5/5
   165 | D        | Entered arena 4.
   165 | D        | Noticed a jumping spider
   165 | D        | Found a transporter.
   167 | D        | Upgraded the game from 0.30-a0-948-g4fa250aae5 to
                  | 0.30-a0-949-g53dc5368d7
   170 | D        | Reached skill level 10 in Fighting
   170 | D        | Reached skill level 1 in Shields
   171 | D        | Reached **** piety under Makhleb
   172 | D        | Killed a jumping spider
   173 | D        | Reached XP level 7. HP: 71/74 MP: 6/6
   187 | D        | Got the ring of the Haunted God {rPois rN+ Will+}
   197 | D        | Entered arena 5.
   197 | D        | Noticed a yak
   197 | D        | Found a transporter.
   200 | D        | Reached skill level 10 in Dodging
   205 | D        | Killed a yak
   206 | D        | Reached skill level 1 in Invocations
   324 | D        | Entered arena 6.
   324 | D        | Found the +8 Wrath of Trog {antimagic, *Rage Rampage}
   324 | D        | Noticed a fire elemental
   324 | D        | Found a transporter.
   329 | D        | Killed a fire elemental
   329 | D        | Reached ***** piety under Makhleb
   331 | D        | Reached XP level 8. HP: 81/83 MP: 7/7
   353 | D        | Entered arena 7.
   355 | D        | Found a transporter.
   360 | D        | Reached skill level 1 in Armour
   360 | D        | Reached skill level 5 in Shields
   360 | D        | Reached skill level 1 in Evocations
   377 | D        | Got the Folio of Subzero Transposition
   395 | D        | Entered arena 8.
   395 | D        | Noticed a naga mage
   395 | D        | Noticed a black mamba
   395 | D        | Noticed a black mamba
   400 | D        | Reached ****** piety under Makhleb
   400 | D        | Killed a black mamba
   403 | D        | Killed a black mamba
   404 | D        | Reached skill level 15 in Long Blades
   404 | D        | Reached XP level 9. HP: 87/93 MP: 9/9
   404 | D        | Killed a naga mage
   405 | D        | Found a transporter.
   412 | D        | Got the ring "Leitail" {rN++ Will+ Str+3 Int-5 Dex+6}
   438 | D        | Reached XP level 10. HP: 103/103 MP: 10/10
   440 | D        | Entered arena 9.
   440 | D        | Noticed a starcursed mass
   440 | D        | Noticed a glowing orange brain
   442 | D        | Found a transporter.
   448 | D        | Killed a glowing orange brain
   449 | D        | Reached skill level 5 in Armour
   449 | D        | Killed a starcursed mass
   451 | D        | Killed a starcursed mass
   453 | D        | Killed a starcursed mass
   453 | D        | Killed a starcursed mass
   454 | D        | Reached skill level 10 in Shields
   477 | D        | Entered arena 10.
   477 | D        | Found the +6 arbalest "Damnation" {damnation}
   477 | D        | Noticed a +0 scimitar of holy wrath
   477 | D        | Noticed a deep elf knight
   477 | D        | Noticed a deep elf zephyrmancer
   477 | D        | Noticed a deep elf knight
   477 | D        | Noticed a deep elf pyromancer
   477 | D        | Noticed a deep elf zephyrmancer
   482 | D        | Killed a +0 scimitar of holy wrath
   482 | D        | Killed a deep elf knight
   482 | D        | Killed a deep elf zephyrmancer
   483 | D        | Reached skill level 15 in Fighting
   483 | D        | Reached XP level 11. HP: 110/114 MP: 11/11
   484 | D        | Killed a deep elf knight
   486 | D        | Killed a deep elf zephyrmancer
   487 | D        | Found a transporter.
   490 | D        | Killed a deep elf pyromancer
   499 | D        | Got the ring "Efaydd" {Will+ Stlth+}
   514 | D        | Entered arena 11.
   515 | D        | Found a transporter.
   524 | D        | Reached skill level 5 in Evocations
   532 | D        | Got Kiugyel's Handbook of Assembled Talus
   547 | D        | Got the Book of Summoned Coordinates
   557 | D        | Entered arena 12.
   557 | D        | Noticed a starcursed mass
   565 | D        | Reached skill level 10 in Ranged Weapons
   570 | D        | Found a transporter.
   572 | D        | Killed a starcursed mass
   573 | D        | Killed a starcursed mass
   589 | D        | Got the Quarto of the Maleficium
   610 | D        | Entered arena 13.
   610 | D        | Noticed a war gargoyle
   610 | D        | Noticed an ancient champion
   610 | D        | Noticed an ancient champion
   610 | D        | Noticed an ancient champion
   610 | D        | Noticed an ancient champion
   611 | D        | Noticed a war gargoyle
   611 | D        | Noticed an ancient champion
   611 | D        | Noticed a war gargoyle
   612 | D        | Noticed an iron dragon
   612 | D        | Noticed a quicksilver elemental
   618 | D        | Mangled by a war gargoyle

Illustrated notes

Levels and vault maps discovered:
D:        sprint_v [room_start, room_1, room_2, room_3, room_4, room_5, room_6,
          room_7, room_8, room_9, room_10, room_11, room_12, room_13, room_14,
          room_15, room_16, room_17, room_18, room_19, room_20, room_21,
          room_22, room_23, room_24, room_25, room_26, room_27]

Skill      XL: |  1  2  3  4  5  6  7  8  9 10 11 |
---------------+----------------------------------+-----
Fighting       | 5 8 9 11 13 14 15 17 | 17.4
Long Blades    | 5 8 10 11 12 15 17 | 17.1
Dodging        | 4 7 8 9 10 11 | 11.6
Stealth        | 2 3 4 |  4.1
Shields        | 2 3 7 8 10 | 10.1
Invocations    | 1 2 3 |  3.2
Armour         | 2 4 6 8 |  8.0
Evocations     | 1 3 5 |  5.8
Ranged Weapons | 6 10 | 10.8

Action                     |  1- 3 |  4- 6 |  7- 9 | 10-12 || total
---------------------------+-------+-------+-------+-------++-------
  Melee: Double sword      |     2 |     6 |    23 |    33 ||    64
         Headbutt          |     1 |       |     5 |     6 ||    12
 Invoke: Minor Destruction |       |     1 |       |       ||     1
  Evoke: Wand              |       |     2 |     1 |     4 ||     7
         Lightning rod     |       |       |     1 |       ||     1
         Phantom mirror    |       |       |       |     2 ||     2
         Box of beasts     |       |       |       |     1 ||     1
         Tin of tremorston |       |       |       |     3 ||     3
    Use: Potion            |       |       |     2 |     3 ||     5
 Armour: Gold dragon scale |     2 |     3 |     8 |     8 ||    21
  Dodge: Dodged            |       |       |     1 |     2 ||     3
  Block: Kite shield       |     2 |     9 |    26 |    36 ||    73

Table legend: (Time is in decaauts)
 A = Elapsed time spent in this place.
 B = Non-inter-level travel time spent in this place.
 C = Inter-level travel time spent in this place.
 D = Time resting spent in this place.
 E = Time spent auto-exploring this place.
 F = Levels seen in this place.
 G = Mean time per level.
                   A        B        C        D        E       F      G
               +--------+--------+--------+--------+--------+-----+--------+
         Total |    613 |    613 |      0 |    118 |      0 |   1 |  613.0 |
       Dungeon |    613 |    613 |      0 |    118 |      0 |   1 |  613.0 |
               +--------+--------+--------+--------+--------+-----+--------+

Top non-repeatable levels by time:
       D: 613 daAuts
